Map: Ascension to Aiur LE

Players

RotterdaM

  • Race: Protoss Protoss
  • League: Master
  • Spawn Location: 11:00

IlllIIIlllIl - Winner!

  • Race: Protoss Protoss
  • League: Master
  • Spawn Location: 5:00

VOD

Have the link to the VOD?

Description

Time

  • Played on: Dec. 7, 2017, 10:27 a.m.
  • Length: 7:23
Show
View Real Time Build Order
Export as new Build Order

RotterdaM Protoss 

Build Orders:  

Get SALT Encoding   

  12  0:00  Probe  
  13  0:12  Probe  
  14  0:18  Pylon  
  14  0:25  Probe  
  15  0:37  Gateway  
  15  0:39  Probe (Chrono Boost)  
  16  0:45  Assimilator  
  16  0:49  Probe (Chrono Boost)  
  17  0:55  Probe  
  18  1:01  Gateway  
  18  1:08  Assimilator  
  18  1:09  Probe  
  19  1:21  Probe  
  20  1:25  Cybernetics Core  
  20  1:32  Pylon  
  20  1:37  Probe  
  21  1:49  Probe  
  22  2:02  Stalker x2  
  22  2:03  Warp Gate  
  26  2:10  Probe (Chrono Boost)  
  27  2:20  Pylon  
  27  2:22  Probe (Chrono Boost)  
  28  2:32  Stalker  
  30  2:38  Stalker  
  32  2:58  Nexus  
  32  3:08  Stalker  
  34  3:19  Pylon  
  34  3:24  Twilight Council  
  34  3:35  Robotics Facility  
  34  3:44  Probe  
  35  3:53  Shield Battery  
  35  3:55  Shield Battery  
  35  4:02  Blink (Chrono Boost)  
  35  4:08  Stalker  
  37  4:14  Stalker  
  39  4:17  Probe  
  39  4:20  Probe  
  39  4:23  Observer  
  42  4:29  Probe (Chrono Boost)  
  40  4:37  Probe (Chrono Boost)  
  39  4:43  Probe (Chrono Boost)  
  39  4:45  Probe x2 (Chrono Boost)  
  41  4:47  Observer  
  41  4:50  Stalker  
  41  4:51  Probe  
  45  4:55  Probe  
  46  5:03  Probe  
  46  5:05  Stalker  
  48  5:13  Probe (Chrono Boost)  
  50  5:14  Observer  
  50  5:15  Probe (Chrono Boost)  
  50  5:19  Stalker  
  54  5:25  Probe x2 (Chrono Boost)  
  55  5:29  Probe  
  55  5:32  Probe  
  57  5:41  Probe  
  58  5:44  Probe  
  59  5:51  Nexus  
  59  5:52  Pylon  
  59  5:54  Probe  
  59  5:57  Probe  
  61  6:06  Probe (Chrono Boost)  
  61  6:07  Gateway  
  61  6:10  Gateway  
  63  6:18  Probe x2 (Chrono Boost)  
  64  6:22  Forge  
  64  6:25  Probe x2 (Chrono Boost)  
  66  6:26  Pylon  
  66  6:29  Zealot  
  66  6:32  Probe  
  69  6:34  Probe  
  69  6:35  Pylon  
  70  6:40  Pylon  
  70  6:44  Probe  
  70  6:45  Zealot  
  70  6:47  Probe  
  74  6:49  Gateway  
  74  6:56  Gateway  
  74  7:01  Stalker  
  62  7:10  Stalker x3  
Show
View Real Time Build Order
Export as new Build Order

IlllIIIlllIl Protoss - Winner!

Build Orders: Phoenix Opening 

Get SALT Encoding   

  12  0:00  Probe  
  13  0:13  Probe  
  14  0:18  Pylon  
  14  0:25  Probe  
  15  0:37  Probe (Chrono Boost)  
  15  0:38  Gateway  
  16  0:48  Assimilator  
  16  0:49  Probe (Chrono Boost)  
  17  0:51  Probe  
  17  0:57  Assimilator  
  18  1:03  Probe (Chrono Boost)  
  20  1:15  Probe (Chrono Boost), Pylon  
  20  1:17  Probe  
  21  1:25  Cybernetics Core  
  21  1:29  Probe  
  22  1:41  Probe  
  23  1:53  Probe  
  24  2:03  Stargate, Warp Gate, Stalker  
  24  2:05  Probe  
  27  2:11  Pylon  
  27  2:33  Stalker  
  29  2:45  Probe  
  29  2:46  Phoenix (Chrono Boost)  
  32  2:53  Gateway  
  32  2:54  Gateway  
  32  3:01  Phoenix (Chrono Boost)  
  34  3:26  Phoenix (Chrono Boost)  
  36  3:28  Pylon  
  36  3:41  Phoenix  
  36  3:48  Nexus  
  38  3:55  Probe  
  38  4:11  Phoenix  
  38  4:13  Robotics Facility  
  40  4:17  Pylon  
  40  4:22  Probe  
  41  4:44  Probe, Phoenix  
  44  4:51  Stalker x2  
  48  5:02  Immortal (Chrono Boost)  
  52  5:08  Probe  
  52  5:09  Probe  
  54  5:22  Probe  
  59  5:29  Immortal (Chrono Boost)  
  59  5:30  Probe  
  60  5:36  Probe  
  60  5:38  Pylon  
  62  5:43  Probe (Chrono Boost)  
  62  5:47  Phoenix  
  64  5:50  Probe (Chrono Boost), Assimilator  
  66  6:02  Probe (Chrono Boost)  
  66  6:04  Probe (Chrono Boost)  
  65  6:06  Probe  
  65  6:10  Immortal (Chrono Boost)  
  70  6:17  Pylon  
  70  6:18  Stalker  
  72  6:23  Stalker  
  72  6:24  Stalker  
  76  6:31  Pylon  
  76  6:34  Probe x2  
  79  6:40  Observer  
  79  6:46  Probe  
  80  6:47  Stalker  
  80  6:48  Stalker  
  80  6:49  Stalker  
  86  7:12  Stalker x2  
  86  7:13  Stalker  
Tags
 
Add a new tag
Caveats
  • Supply blocks, unpowered buildings, or Contaminate may cause inaccurate times.
  • Supply counts are checked every 10 seconds.